 Dungeon Crawl Stone Soup version 0.26-a0-771-g060e6a62af (webtiles) character file.

Game seed: 9648495358074250989

33 Peloso the Skirmisher (level 3, -8/33 HPs)
             Began as a Minotaur Fighter on Nov 8, 2020.
             Mangled by an ogre
             ... wielding a +0 giant club
              (25 damage)
             ... on level 2 of the Dungeon.
             The game lasted 00:01:45 (1108 turns).

Peloso the Skirmisher (Minotaur Fighter)            Turns: 1108, Time: 00:01:45

Health: -8/33      AC:  7    Str: 20    XL:     3   Next: 12%
Magic:  2/2        EV:  7    Int:  5    God:
Gold:   18         SH:  9    Dex: 10    Spells: 2/2 levels left

rFire    . . .     SeeInvis .   a - +0 long sword
rCold    . . .     Faith    .   c - +0 kite shield
rNeg     . . .     Spirit   .   b - +0 scale mail
rPois    .         Reflect  .   (helmet restricted)
rElec    .         Harm     .   (no cloak)
rCorr    .         Rampage  .   (no gloves)
MR       .....                  (no boots)
Stlth    ..........             (no amulet)
HPRegen  0.11/turn              (no ring)
MPRegen  0.08/turn              (no ring)

@: no status effects
A: retaliatory headbutt, horns 2
a: no special abilities


You were on level 2 of the Dungeon.
You visited 1 branch of the dungeon, and saw 2 of its levels.

You collected 18 gold pieces.

Inventory:

Hand Weapons
 a - a +0 long sword (weapon)
Armour
 b - a +0 scale mail (worn)
 c - a +0 kite shield (worn)
Scrolls
 f - a scroll of teleportation {unknown}
 g - a scroll of remove curse {unknown}
 j - a scroll of blinking {unknown}
 k - a scroll of identify {unknown}
 l - a scroll of fear {unknown}
Potions
 d - 3 potions of might
 e - a potion of curing
 h - a potion of magic {unknown}
 i - 3 potions of haste
 m - a potion of berserk rage {unknown}


   Skills:
 + Level 4.2 Fighting
 + Level 2.7 Long Blades
 + Level 3.9 Armour
 + Level 0.4 Dodging
 + Level 4.1 Shields


You had 2 spell levels left.
You didn't know any spells.
Your spell library was empty.

Dungeon Overview and Level Annotations

Branches:
Dungeon (2/15)

Altars:


Innate Abilities, Weirdness & Mutations

You reflexively headbutt those who attack you in melee.
You have a pair of horns on your head.


Message History

A bat is nearby!
A bat is nearby!
A bat is nearby!
You slash the bat!
You kill the bat!
An ogre comes into view. It is wielding a +0 giant club.
The ogre moves out of view.
m - a fizzy brown potion An ogre is nearby!
An ogre is nearby!
An ogre is nearby!
The ogre hits you with a +0 giant club!
You hit the ogre.
The ogre is lightly wounded.
You block the ogre's attack.
You slash the ogre! Your headbutt misses the ogre.
The ogre is moderately wounded.
The ogre hits you with a +0 giant club!!
Ouch! That really hurt!
You die...

..... ... #### ## ... #..
.. ... #[#####.##
####.#####
.........####........#
...# ....##...O....###
(..# #.#.##...@......#
#..#####.#.##..........#
...##......##..........###
##.##.###.######.........#
#.##.###.)#####.......?.#
#....#........#..........
######........#.........#
#........#.#######..
#........#.#


You could see an ogre.

Vanquished Creatures
  A dart slug (D:1)
  A leopard gecko (D:2)
  3 giant cockroaches
  4 goblins
  3 hobgoblins (D:1)
  3 bats
  3 frilled lizards
  8 kobolds
  A rat (D:1)
27 creatures vanquished.

Notes
Turn   | Place    | Note
-------+----------+-------------------------------------------
     0 | D:1      | Peloso the Minotaur Fighter began the quest for the Orb.
     0 | D:1      | Reached XP level 1. HP: 19/19 MP: 0/0
   130 | D:1      | Reached XP level 2. HP: 11/27 MP: 1/1
  1031 | D:2      | Reached XP level 3. HP: 31/33 MP: 2/2
  1101 | D:2      | Noticed an ogre
  1108 | D:2      | Mangled by an ogre

Illustrated notes

Levels and vault maps discovered:
D:1:      dpeg_arrival_fog, layout_loops_ring, supply_closet_lemuel
D:2:      layout_basic, grunt_decor_mini_mirrors, uniq_jessica

Skill      XL: |  1  2 |
---------------+-------+-----
Fighting       | 4 |  4.2
Shields        | 4 |  4.1
Long Blades    | |  2.7
Armour         | |  3.9
Dodging        | |  0.4

Action                   || total
-------------------------++-------
Melee: Long sword        ||    77
       Headbutt          ||     7
  Use: Potion            ||     4
Armor: Scale mail        ||    35
Dodge: Dodged            ||    28
Block: Kite shield       ||    31
       Rpst.: Long sword ||     4

Table legend: (Time is in decaauts)
 A = Elapsed time spent in this place.
 B = Non-inter-level travel time spent in this place.
 C = Inter-level travel time spent in this place.
 D = Time resting spent in this place.
 E = Time spent auto-exploring this place.
 F = Levels seen in this place.
 G = Mean time per level.
                   A        B        C        D        E       F      G
               +--------+--------+--------+--------+--------+-----+--------+
         Total |   1115 |   1099 |     16 |      0 |    863 |   2 |  557.5 |
       Dungeon |   1115 |   1099 |     16 |      0 |    863 |   2 |  557.5 |
               +--------+--------+--------+--------+--------+-----+--------+

Top non-repeatable levels by time:
     D:1: 893 daAuts
     D:2: 222 daAuts
